 Dungeon Crawl Stone Soup version 0.28.0 (webtiles) character file.

Game seed: 15579296255135520328

18 Akaron the Chiller (level 2, 0/17 HPs)
             Began as an Octopode Ice Elementalist on Feb 17, 2022.
             Slain by a kobold (3 damage)
             ... on level 1 of the Dungeon.
             The game lasted 00:00:58 (1031 turns).

Akaron the Chiller (Octopode Ice Elementalist)      Turns: 1031, Time: 00:01:00

Health: 0/17       AC:  1    Str:  7    XL:     2   Next: 66%
Magic:  2/5        EV: 13    Int: 17    God:
Gold:   65         SH:  0    Dex: 12    Spells: 4/5 levels left

rFire   . . .      SeeInvis .   c - +0 short sword
rCold   . . .      Faith    .   (no shield)
rNeg    . . .      Spirit   .   (helmet restricted)
rPois   .          Reflect  .   (no amulet)
rElec   .          Harm     .   (no ring)
rCorr   .          Rampage  .   (no ring)
Will    .....                   (no ring)
Stlth   +++.......              (no ring)
HPRegen 0.05/turn               (no ring)
MPRegen 0.09/turn               (no ring)
                                (no ring)
                                (no ring)

@: no status effects
A: almost no armour, amphibious, 8 rings, camouflage 1, gelatinous body 1,
(nimble swimmer 1), tentacles
a: no special abilities


You were on level 1 of the Dungeon.
You visited 1 branch of the dungeon, and saw 1 of its levels.

You collected 65 gold pieces.

Inventory:

Hand Weapons
 c - a +0 short sword (weapon)
Missiles
 e - 4 poisoned darts
Scrolls
 a - a scroll of fear {unknown}
 b - 2 scrolls of identify {unknown}
 d - a scroll of magic mapping {unknown}


   Skills:
 + Level 2.1 Dodging
 + Level 2.8 Stealth
 + Level 0.1 Unarmed Combat
 + Level 2.2 Spellcasting
 + Level 4.4 Ice Magic


You had 4 spell levels left.
You knew the following spells:

 Your Spells              Type           Power      Damage    Failure   Level
a - Freeze                Ice            68%        1d8       3%          1

Your spell library contained the following spells:

 Spells                   Type           Power      Damage    Failure   Level
 Frozen Ramparts          Ice            34%        1d5       9%          3
 Ozocubu's Armour         Ice            17%        N/A       9%          3
 Hailstorm                Conj/Ice       9%         3d4       58%         4


Dungeon Overview and Level Annotations

Branches:
Dungeon (1/15)

Altars:


Innate Abilities, Weirdness & Mutations

You cannot wear most types of armour.
You are amphibious.
You can wear up to eight rings at the same time.
Your skin changes colour to match your surroundings (Stealth+).
Your rubbery body absorbs attacks. (AC +1, EV +1)
((You are camouflaged when in or above water. (Stealth+)))
You have tentacles for arms and can constrict up to eight enemies at once.


Message History

An endoplasm is nearby!
The kobold shouts! x2
A ball python comes into view.
The endoplasm quivers.
The ball python hisses angrily.
You hear an angry hiss.
You hear a shout!
You hit the endoplasm.
The endoplasm is moderately wounded.
The endoplasm freezes you.
You are frozen.
A hobgoblin comes into view.
You freeze the endoplasm.
The endoplasm is heavily wounded.
The endoplasm freezes you.
You are frozen.
You freeze the endoplasm!
You kill the endoplasm!
A ball python comes into view.
The ball python closely misses you. The ball python grabs you.
The ball python constricts you. The kobold hits you with a +0 dagger.
You freeze the ball python.
You kill the ball python!
The kobold hits you with a +0 dagger. x2
You are too injured to fight recklessly!
You are too injured to fight recklessly!
You are too injured to fight recklessly!
You are too injured to fight recklessly!
You are too injured to fight recklessly!
You are too injured to fight recklessly!
You closely miss the kobold. You grab the kobold. You constrict the kobold.
The kobold hits you with a +0 dagger.
A hobgoblin comes into view.
The kobold hits you with a +0 dagger.
The hobgoblin shouts!
You hit the kobold.
You squeeze the kobold, but do no damage.
The kobold is heavily wounded.
You constrict the kobold. The kobold hits you with a +0 dagger.
* * * LOW HITPOINT WARNING * * *
The kobold hits you with a +0 dagger.
You die...

..'.........#
..#.........# #..g......
..#.........# #.........
..#.........# #.........
..#######'### #.........
..# #..# #.S....... ..#
##.# ...g...
..########.#####.K.#####
................@.......
......#####.##...K.#.###
#.....#####+##.....#
#...........(#.....#
#............#.....#
...................#
...................#
...................# #..
...................# #.#


You could see 2 hobgoblins, a ball python and 2 kobolds.

Vanquished Creatures
  2 bats (D:1)
  An endoplasm (D:1)
  2 giant cockroaches (D:1)
  2 hobgoblins (D:1)
  4 kobolds (D:1)
  3 ball pythons (D:1)
  3 frilled lizards (D:1)
  A rat (D:1)
18 creatures vanquished.

Notes
Turn   | Place    | Note
-------+----------+-------------------------------------------
     0 | D:1      | Akaron the Octopode Ice Elementalist began the quest for
                  | the Orb.
     0 | D:1      | Reached XP level 1. HP: 11/11 MP: 3/3
   452 | D:1      | Reached XP level 2. HP: 11/17 MP: 1/5
  1031 | D:1      | Slain by a kobold

Illustrated notes

Levels and vault maps discovered:
D:1:      roderic_octagonal_star, layout_basic

Action                   || total
-------------------------++-------
Melee: Unarmed           ||     7
       Constrict         ||     4
       Tentacles         ||     3
       Short sword       ||     8
       Punch             ||     1
 Cast: Freeze            ||    17
Armor: Skin              ||     1
Dodge: Dodged            ||    19
